 Dungeon Crawl Stone Soup version 0.32-a0-599-gba8f9cf90e (webtiles) character file.

Game seed: 7350441815603895384

2938 gimp the Cleaver (level 9, -2/54 HPs)
             Began as a Gargoyle Brigand on Mar 2, 2024.
             Was an Initiate of Trog.
             Slain by an ogre
             ... wielding a +0 giant spiked club
              (11 damage)
             ... on level 4 of the Dungeon.
             The game lasted 00:19:44 (7206 turns).

gimp the Cleaver (Gargoyle Brigand)                 Turns: 7206, Time: 00:19:45

Health: -2/54      AC: 13    Str: 20    XL:     9   Next: 80%
Magic:  9/9        EV: 11    Int: 11    God:    Trog [......]
Gold:   399        SH:  6    Dex: 17    Spells: 8/8 levels left

rFire   . . .        b - +0 hand axe
rCold   . . .        z - +0 buckler
rNeg    + . .        C - +0 steam dragon scales
rPois   ∞            (no helmet)
rElec   +            c - +0 cloak
rCorr   .            r - +0 pair of gloves
SInv    +            (no boots)
Will    .....        w - amulet of the acrobat
Stlth   +++          l - +6 ring of dexterity
HPRegen 0.29/turn    j - ring of see invisible
MPRegen 0.11/turn

%: acrobat
@: studying Hexes
A: sickness immunity, AC +6, negative energy resistance 1, electricity
resistance, torment resistance 1, petrification resistance
a: Renounce Religion


You were on level 4 of the Dungeon.
You worshipped Trog.
Trog was noncommittal.
You visited 2 branches of the dungeon, and saw 9 of its levels.
You also visited: Sewer.

You collected 399 gold pieces.

Inventory:

Hand Weapons
 a - a +2 dagger
 b - a +0 hand axe (weapon)
Missiles
 d - 13 poisoned darts
Armour
 c - a +0 cloak (worn)
 r - a +0 pair of gloves (worn)
 v - a +0 robe of cold resistance
 x - the +0 ring mail of the Kodama {rCorr Dex+2}
   (You found it in a sewer)

   Dex+2:     It affects your dexterity (+2).
   rCorr:     It protects you from acid and corrosion.
 z - a +0 buckler (worn)
 C - +0 steam dragon scales (worn)
Jewellery
 j - a ring of see invisible (right hand)
 l - a +6 ring of dexterity (left hand)
 s - a ring of flight
 w - an amulet of the acrobat (around neck)
Wands
 y - a wand of digging (2)
 A - a wand of quicksilver (7)
 B - a wand of paralysis (1)
 E - a wand of roots (3)
Scrolls
 f - a scroll of summoning {unknown}
 h - a scroll of revelation
 k - a scroll of poison
 o - 2 scrolls of teleportation
 p - a scroll of noise {unknown}
 q - a scroll of fear {unknown}
 t - a scroll of immolation {unknown}
 u - 2 scrolls of enchant weapon {unknown}
 F - a scroll of vulnerability
 G - a scroll of silence {unknown}
Potions
 i - 3 potions of cancellation
 m - 3 potions of magic
 n - a potion of might
 D - 3 potions of curing


   Skills:
 - Level 5.0 Fighting
 - Level 1.7 Short Blades
 * Level 10.1 Axes
 - Level 1.7 Throwing
 - Level 1.0 Armour
 - Level 0.7 Dodging
 - Level 4.3 Stealth
 + Level 6.3 Shields


You had 8 spell levels left.
You didn't know any spells.
Your spell library contained the following spells:

 Spells                   Type           Power      Damage    Failure   Level
 Apportation              Tloc           0%         N/A       38%         1
 Foxfire                  Conj/Fire      0%         2x1d4     38%         1
 Necrotise                Necr           0%         1d4       38%         1
 Sting                    Conj/Alch      0%         1d3       38%         1
 Summon Small Mammal      Summ           0%         N/A       38%         1
 Call Imp                 Summ           0%         N/A       54%         2
 Plasma Beam              Fire/Air       0%         2x1d10    100%        6
 Starburst                Conj/Fire      0%         6d3       100%        6
 Summon Hydra             Summ           0%         N/A       100%        7
 Sublimation of Blood     Necr           Unusable   N/A       N/A         2

Dungeon Overview and Level Annotations

Branches:
Dungeon (8/15)             Temple (1/1) D:4           Sewer (visited)
   Lair: D:8-11

Altars:
Ashenzari
Cheibriados
Dithmenos
Elyvilon
Fedhas
Hepliaklqana
Kikubaaqudgha
Makhleb
Nemelex Xobeh
Okawaru
Qazlal
Ru
Sif Muna
Trog
Uskayaw
Vehumet
Wu Jian
Xom
Yredelemnul
Zin
The Shining One

Annotations:
D:6 Jeremiah
D:8 exclusion: two-headed ogre


Innate Abilities, Weirdness & Mutations

You are immune to sickness and miasma.
Your stone body is resilient. (AC +6)
You are immune to poison.
You resist negative energy. (rN+)
You are resistant to electric shocks. (rElec)
You are resistant to unholy torment.
You are immune to petrification.


Message History

You take 6 damage, and have 44/54 hp.
Okay, then.
Unknown command.
You barely miss the sky beast.
The sky beast is almost dead.
Jeremiah shouts, "O dreadful one, destroy my foe!"
Something smites you!
The sky beast hits you but does no damage.
You take 12 damage, and have 32/54 hp.
MASSIVE DAMAGE!!
You completely miss the sky beast.
The sky beast is almost dead.
Jeremiah cries, "Fearful master, protect me!"
Something smites you! The sky beast barely misses you.
You take 13 damage, and have 19/54 hp.
MASSIVE DAMAGE!!
You miss the sky beast.
The sky beast is severely wounded.
Unknown command.
Unknown command.
Unknown command.
Unknown command.
Okay, then.
Unknown command.
Unknown command.
Blink to where?
Press: ? - help, Dir - move target
As you read the scroll of blinking, it crumbles to dust.
Aiming: Dig
Press: ? - help, Shift-Dir - straight line A rock wall.
The rock shatters into small pieces.
Found a stone staircase leading up.
The sky beast flickers out of sight for a moment.
There is a stone staircase leading up here.
You climb upwards.
Level annotation: exclusion: ogre
There is a stone staircase leading down here.
HP restored.
Done exploring.
Health restored: 54 Throw: 3 darts (curare)
Press: ? - help, Q - select action, (/) - cycle Shift-Dir - straight line, f - ogre
Aim: an ogre, wielding a +0 giant club (asleep, 98% to hit)
You throw a curare-tipped dart. The curare-tipped dart hits the ogre.
The ogre is poisoned.
The ogre struggles to breathe.
The ogre seems to slow down.
The ogre shouts!
The ogre is moderately wounded.
You hit the ogre.
The ogre is heavily wounded.
Clearing quiver.
You hit the ogre but do no damage.
The ogre is severely wounded.
The ogre hits you with a +0 giant club!
You take 13 damage, and have 41/54 hp.
MASSIVE DAMAGE!!
You hit the ogre.
The ogre is severely wounded.
You slash the ogre!
You kill the ogre!
Trog accepts your kill.
No target in view!
Done exploring.
Health restored: 54 Done exploring.
Unknown command.
There is a stone staircase leading up here.
You climb upwards.
Level annotation: exclusion: ogre
There is a stone staircase leading down here.
There is an open door here.
There is an open door here.
You see here a staff of death.
The ogre shouts!
Throw: 2 darts (curare)
Press: ? - help, Q - select action, (/) - cycle Shift-Dir - straight line, f - ogre
Aim: an ogre, wielding a +0 giant spiked club (74% to hit)
You throw a curare-tipped dart.
The curare-tipped dart barely misses the ogre.
Clearing quiver.
You hit the ogre.
The ogre is lightly wounded.
The ogre hits you with a +0 giant spiked club!!
You take 20 damage, and have 34/54 hp.
MASSIVE DAMAGE!!
You hit the ogre but do no damage.
The ogre is lightly wounded.
You hit the ogre.
The ogre is moderately wounded.
The ogre hits you with a +0 giant spiked club!!
* * * LOW HITPOINT WARNING * * *
You take 26 damage, and have 8/54 hp.
MASSIVE DAMAGE!!
Throw: dart (curare)
Press: ? - help, Q - select action, (/) - cycle Shift-Dir - straight line, f/p - ogre
Aim: an ogre, wielding a +0 giant spiked club (moderately wounded, 74% to hit)
You throw a curare-tipped dart.
The curare-tipped dart closely misses the ogre.
Aiming: Paralyse
Press: ? - help, Shift-Dir - straight line, f/p - ogre
Aim: an ogre, wielding a +0 giant spiked club (moderately wounded, chance to affect: 49%)
The ogre resists with some effort.
The ogre hits you with a +0 giant spiked club!
You die...

#....... ########.#..###
#.....##.#.##.#
#####........#[#.#.
##..##..........#.#.
#...###.....#...#.#.
#....#..#...#...##.#
#...........#....###
###.@#........|......
..#O..#.......##.....
.....##........###...
......................
..........)...##...#....
...(.######...###..###..
#(..# ##...........#..#
##.. #..............##
##.......#######..


You could see an ogre.

Vanquished Creatures
  Maurice (D:7)
  Grinder (D:6)
  Prince Ribbit (D:6)
  A basilisk (D:7)
  Eustachio (D:4)
  Menkaure (D:6)
  A steam dragon (D:7)
  An orc warrior (D:6)
  A black bear (D:5)
  An ice beast (D:7)
  4 ogres
  A sky beast (D:7)
  A crocodile (Sewer)
  A brain worm (Sewer)
  3 scorpions
  A bullfrog (D:7)
  An electric eel (D:6)
  A howler monkey (D:8)
  A bombardier beetle (D:5)
  4 hounds
  A jelly (D:7)
  2 sleepcaps (D:5)
  An iguana (D:6)
  An orc wizard (D:3)
  4 gnolls (D:6)
  5 adders
  A shadow imp (D:7)
  A white imp (D:7)
  3 ribbon worms
  3 dart slugs
  13 orcs
  3 ball pythons
  15 bats
  7 endoplasms
  3 giant cockroaches
  5 goblins
  5 hobgoblins
  7 quokkas
  A frilled lizard (D:1)
  4 kobolds
  6 rats
119 creatures vanquished.

Vanquished Creatures (others)
  A bullfrog (D:7)
1 creature vanquished.

Grand Total: 120 creatures vanquished

Notes
Turn   | Place    | Note
-------+----------+-------------------------------------------
     0 | D:1      | gimp the Gargoyle Brigand began the quest for the Orb.
     0 | D:1      | Reached XP level 1. HP: 12/12 MP: 1/1
   193 | D:1      | Reached XP level 2. HP: 18/18 MP: 2/2
   989 | D:2      | Reached XP level 3. HP: 22/23 MP: 3/3
  1149 | D:2      | Reached skill level 1 in Armour
  1333 | D:2      | Reached skill level 1 in Axes
  1498 | D:2      | Reached XP level 4. HP: 29/29 MP: 4/4
  2107 | D:3      | Reached skill level 2 in Axes
  2272 | D:3      | Noticed a water moccasin
  2497 | D:4      | Found a burning altar of Makhleb.
  2534 | D:4      | Reached XP level 5. HP: 25/34 MP: 5/5
  2581 | D:4      | Noticed an ogre
  2619 | D:4      | Killed an ogre
  2620 | D:4      | Reached skill level 5 in Fighting
  2620 | D:4      | Reached skill level 3 in Axes
  2730 | D:4      | Found a glowing drain.
  2749 | D:4      | Reached XP level 6. HP: 39/40 MP: 6/6
  2751 | Sewer    | Entered a sewer
  2949 | Sewer    | Reached skill level 4 in Axes
  2954 | Sewer    | Identified the +0 ring mail of the Kodama {rCorr Dex+2}
  3005 | D:4      | Noticed Eustachio
  3084 | D:4      | HP: 1/60 [river rat[Eustachio] (4)]
  3155 | D:4      | Killed Eustachio
  3156 | D:4      | Reached skill level 5 in Axes
  3156 | D:4      | Reached XP level 7. HP: 29/44 MP: 7/7
  3425 | D:4      | Found a broken altar of Ashenzari.
  3428 | D:4      | Found an ancient bone altar of Kikubaaqudgha.
  3550 | D:4      | Found a staircase to the Ecumenical Temple.
  3556 | Temple   | Entered the Ecumenical Temple
  3564 | Temple   | Became a worshipper of Trog the Wrathful
  3589 | D:5      | Entered Level 5 of the Dungeon
  3823 | D:5      | Reached skill level 6 in Axes
  3883 | D:5      | Found a shimmering altar of Xom.
  4446 | D:5      | Reached skill level 1 in Shields
  4446 | D:5      | Reached XP level 8. HP: 49/49 MP: 8/8
  4458 | D:5      | Reached skill level 7 in Axes
  4517 | D:5      | Found a sacrificial altar of Ru.
  4731 | D:5      | Found a basalt altar of Yredelemnul.
  5038 | D:6      | Noticed Jeremiah
  5157 | D:6      | Noticed Grinder
  5431 | D:7      | Found a shimmering blue altar of Sif Muna.
  5474 | D:7      | Reached skill level 8 in Axes
  5622 | D:7      | Reached XP level 9. HP: 39/54 MP: 9/9
  5777 | D:7      | Noticed Maurice
  5797 | D:7      | Killed Maurice
  5798 | D:7      | Reached skill level 9 in Axes
  5798 | D:7      | Reached skill level 5 in Shields
  6142 | D:8      | Noticed a two-headed ogre
  6359 | D:6      | Paralysed by Grinder for 4 turns
  6366 | D:6      | Killed Grinder
  6487 | D:6      | Noticed Prince Ribbit
  6493 | D:6      | Killed Prince Ribbit
  6685 | D:6      | Noticed Menkaure
  6698 | D:6      | Killed Menkaure
  6699 | D:6      | Reached skill level 10 in Axes
  7206 | D:4      | Slain by an ogre

Illustrated notes

Levels and vault maps discovered:
D:1:      tekkud_arrival_beachfront_property, layout_loops_cross,
          grunt_decor_resistance, supply_closet_lemuel
D:2:      layout_loops_ring
D:3:      layout_rooms, lightli_corner_chamber
D:4:      layout_cave_pools, kennysheep_mini, nicolae_overflow_squiral,
          minmay_temple_entry_enclosed_plants, gup_sewer_entry_pipe,
          minmay_manual_maat, uniq_eustachio
D:5:      layout_basic, nicolae_ru_the_path_less_chosen,
          mainiacjoe_overflow_catwalk, lemuel_round_altar
D:6:      layout_basic, serial_corexii_hall, corexii_hall_statues_l,
          chequers_hall_statues_y, minivault_4, uniq_prince_ribbit1,
          uniq_menkaure, uniq_jeremiah, uniq_grinder
D:7:      layout_basic, mainiacjoe_overflow_six_doors_small, uniq_maurice
D:8:      layout_gridville, special_room [special_room_orc],
          serial_co_window_serial, co_window_of_opportunity_a,
          co_window_paths_a, co_window_paths_b, co_window_paths_a,
          co_window_corner_a, co_window_of_opportunity_a, co_window_paths_a,
          co_window_broadway_c, co_window_of_opportunity_c, co_window_paths_c,
          co_window_2corner, co_window_paths_c, co_window_unsneaky_path_c,
          co_window_2corner, glass_columns_a, glass_columns_a, glass_columns_c,
          glass_columns_b
Temple:   eino_temple_lava

Skill      XL: |  1  2  3  4  5  6  7  8  9 |
---------------+----------------------------+-----
Fighting       | 3 4 5 |  5.0
Armour         | 1 |  1.0
Axes           | 1 2 3 5 6 8 10 | 10.1
Shields        | 1 4 6 |  6.3
Short Blades   | |  1.7
Throwing       | |  1.7
Dodging        | |  0.7
Stealth        | |  4.3

Action                     |  1- 3 |  4- 6 |  7- 9 || total
---------------------------+-------+-------+-------++-------
  Melee: Dagger            |   107 |   173 |       ||   280
         Hand axe          |       |   114 |   367 ||   481
  Throw: Dart              |     1 |    14 |    15 ||    30
  Evoke: Wand              |       |       |    13 ||    13
    Use: Scroll            |       |     3 |     8 ||    11
         Potion            |       |     6 |     3 ||     9
   Stab: Sleeping          |    10 |     5 |     4 ||    19
         Paralysed         |       |       |    20 ||    20
         Distracted        |       |       |     1 ||     1
 Armour: Robe              |     6 |       |       ||     6
         Leather armour    |    39 |   117 |       ||   156
         Skin              |       |   156 |       ||   156
         Ring mail         |       |    89 |   128 ||   217
         Steam dragon scal |       |       |    65 ||    65
  Dodge: Dodged            |    59 |   161 |   116 ||   336
  Block: Buckler           |       |       |    47 ||    47

Table legend: (Time is in decaauts)
 A = Elapsed time spent in this place.
 B = Non-inter-level travel time spent in this place.
 C = Inter-level travel time spent in this place.
 D = Time resting spent in this place.
 E = Time spent auto-exploring this place.
 F = Levels seen in this place.
 G = Mean time per level.
                   A        B        C        D        E       F      G
               +--------+--------+--------+--------+--------+-----+--------+
         Total |   7176 |   6842 |    334 |    665 |   4106 |  10 |  717.6 |
       Dungeon |   6900 |   6573 |    327 |    572 |   4094 |   8 |  862.5 |
        Temple |     16 |      9 |      7 |      0 |      0 |   1 |   16.0 |
         Sewer |    259 |    259 |      0 |     93 |     12 |   1 |  259.0 |
               +--------+--------+--------+--------+--------+-----+--------+

Top non-repeatable levels by time:
     D:5: 1432 daAuts
     D:7: 1010 daAuts
     D:4: 974 daAuts
     D:1: 935 daAuts
     D:6: 795 daAuts
     D:2: 763 daAuts
     D:3: 734 daAuts
   Sewer: 259 daAuts
     D:8: 253 daAuts
  Temple: 16 daAuts
